 Dungeon Crawl Stone Soup version 0.28-a0-655-g4eb62b627b (webtiles) character file.

Game seed: 4517097431178721290

802 bjtr the Conjurer (level 7, -1/50 HPs)
             Began as a Demigod Conjurer on Oct 13, 2021.
             Slain by a black bear (3 damage)
             ... on level 5 of the Dungeon.
             The game lasted 00:17:52 (5138 turns).

bjtr the Conjurer (Demigod Conjurer)                Turns: 5138, Time: 00:17:53

Health: -1/50      AC:  6    Str:  6 (8)  XL:     7   Next: 33%
Magic:  10/17      EV: 14    Int: 27 (28) God:
Gold:   138        SH:  0    Dex: 11 (12) Spells: 13/16 levels left

rFire   . . .      SeeInvis +   t - +4 flail
rCold   . . .      Faith    .   (no shield)
rNeg    . . .      Spirit   .   w - +0 ring mail
rPois   .          Reflect  .   (no helmet)
rElec   .          Harm     .   (no cloak)
rCorr   .          Rampage  .   (no gloves)
Will    .....                   c - +0 pair of boots
Stlth   +.........              (no amulet)
HPRegen 0.16/turn               n - ring of see invisible
MPRegen 0.15/turn               o - +4 ring of evasion

@: no status effects
A: high mp 1, forlorn
a: no special abilities


You were on level 5 of the Dungeon.
You visited 1 branch of the dungeon, and saw 5 of its levels.

You collected 138 gold pieces.

Inventory:

Hand Weapons
 g - a +0 short sword
 q - a +0 scimitar
 t - a +4 flail (weapon)
 u - a +0 dagger of speed
Missiles
 b - 126 stones
 d - 2 datura-tipped darts
 l - 14 poisoned darts
 r - a throwing net
Armour
 a - a +0 robe
 c - a +0 pair of boots (worn)
 w - a +0 ring mail (worn)
Jewellery
 n - a ring of see invisible (left hand)
 o - a +4 ring of evasion (right hand)
Wands
 v - a wand of acid (8)
Scrolls
 e - a scroll of blinking {unknown}
 p - a scroll of magic mapping
Potions
 f - 3 potions of brilliance {unknown}
 h - 2 potions of flight {unknown}
 i - 2 potions of lignification
 j - a potion of berserk rage {unknown}
 k - 2 potions of mutation {unknown}
 m - a potion of attraction {unknown}
 x - a potion of degeneration
 z - a potion of might {unknown}
 A - 2 potions of curing


   Skills:
 + Level 0.3 Fighting
 * Level 2.7 Armour
 * Level 3.0 Dodging
 - Level 1.7 Stealth
 * Level 2.1 Shields
 * Level 5.0 Spellcasting
 + Level 5.0 Conjurations


You had 13 spell levels left.
You knew the following spells:

 Your Spells              Type           Power      Damage    Failure   Level
a - Magic Dart            Conj           100%       1d8       3%          1
b - Searing Ray           Conj           68%        2d6       4%          2

Your spell library contained the following spells:

 Spells                   Type           Power      Damage    Failure   Level
 Dazzling Flash           Conj/Hex       40%        N/A       28%         3
 Fulminant Prism          Conj/Hex       10%        3d9       67%         4
 Iskenderun's Mystic Bla  Conj/Tloc      20%        2d6       67%         4


Dungeon Overview and Level Annotations

Branches:
Dungeon (5/15)
 Temple: D:4-7

Shops:
D:4 **

Annotations:
D:4 3 runed translucent doors, AttackTheMoon's ghost, novice GnHu


Innate Abilities, Weirdness & Mutations

Your attributes grow dramatically as you level up.
You have an increased reservoir of magic. (+10% MP)
You shall have no god before yourself.


Message History

You finish channelling your searing ray.
You hear a shout!
The black bear barely misses you. x2; The black bear claws you.
The black bear bites you but does no damage.
The black bear closely misses you.
The black bear claws you but does no damage.
You hear an angry hiss.
Unknown command.
Casting: Searing Ray (safe; 3% risk of failure)
Confirm with . or Enter, or press ? or * to list all spells.
Okay, then.
You hear a shout!
The black bear closely misses you. The black bear misses you.
The black bear barely misses you.
The black bear rages.
The black bear closely misses you. The black bear claws you.
The black bear claws you but does no damage.
The black bear barely misses you.
The black bear claws you but does no damage. x2
The black bear bites you but does no damage.
The black bear claws you. The black bear barely misses you.
The black bear bites you!
* * * LOW HITPOINT WARNING * * *
The black bear misses you. The black bear claws you.
* * * LOW HITPOINT WARNING * * *
The black bear completely misses you.
The black bear claws you but does no damage. x2
A hound comes into view.
The hound barks!
The black bear bites you!
* * * LOW HITPOINT WARNING * * *
The black bear claws you but does no damage.
The black bear claws you.
* * * LOW HITPOINT WARNING * * *
There is an open door here.
It was a potion of degeneration.
There was something very wrong with that liquid.
You feel weakened.
You feel dopey.
You feel clumsy. The black bear misses you. The black bear claws you.
You die...

.....#
..............o........
.....####
#h.......############.
......... +........#
......... #.....o..#
#)....... #........#
#....##.. #........###
#....#####+######o....#
'...........#...#h....#
#...........#...@.....#
#...........#...#.....#
#....##...###...#.....#
.....##...###...#######
.....##..........#
#######.<........#
#...........#
#...........#
#...........#


You could see 2 orc warriors and a black bear (berserk).

Vanquished Creatures
  Grinder (D:4)
  A centaur (D:5)
  2 ogres (D:4)
  A phantom (D:5)
  A water moccasin skeleton (D:5)
  A centaur zombie (D:5)
  2 orc priests (D:5)
  An iguana (D:5)
  An orc wizard (D:4)
  2 adders
  An adder skeleton (D:4)
  A worm (D:2)
  2 dart slugs (D:3)
  9 orcs
  8 bats
  6 endoplasms
  2 giant cockroaches
  7 goblins
  3 hobgoblins
  5 jackals
  6 kobolds
  4 quokkas
  6 ball pythons
  3 frilled lizards
  5 rats
81 creatures vanquished.

Notes
Turn   | Place    | Note
-------+----------+-------------------------------------------
     0 | D:1      | bjtr the Demigod Conjurer began the quest for the Orb.
     0 | D:1      | Reached XP level 1. HP: 14/14 MP: 5/5
   413 | D:1      | Reached XP level 2. HP: 20/20 MP: 5/7
   416 | D:1      | Learned a level 2 spell: Searing Ray
  1426 | D:2      | Reached XP level 3. HP: 26/26 MP: 1/8
  3124 | D:4      | Noticed an ogre
  3135 | D:4      | Killed an ogre
  3136 | D:4      | Reached skill level 1 in Armour
  3136 | D:4      | Reached skill level 1 in Shields
  3136 | D:4      | Reached XP level 4. HP: 33/33 MP: 0/11
  3250 | D:4      | Noticed Grinder
  3270 | D:4      | Reached XP level 5. HP: 38/38 MP: 3/12
  3362 | D:4      | Killed Grinder
  3363 | D:4      | Reached XP level 6. HP: 45/45 MP: 1/14
  3458 | D:4      | Found Haegor's General Store.
  3461 | D:4      | Found Itefri's Specific Store.
  3692 | D:4      | Found a runed translucent gate.
  3692 | D:4      | Found a runed translucent gate.
  3695 | D:4      | Found a runed translucent gate.
  3700 | D:4      | Noticed AttackTheMoon's ghost (novice GnHu)
  4454 | D:5      | Entered Level 5 of the Dungeon
  4773 | D:5      | Reached skill level 5 in Conjurations
  4773 | D:5      | Reached XP level 7. HP: 41/50 MP: 4/16
  5118 | D:5      | Reached skill level 5 in Spellcasting
  5136 | D:5      | HP: 2/50 [black bear (1)]
  5138 | D:5      | Slain by a black bear

Illustrated notes

Levels and vault maps discovered:
D:1:      scummos_arrival_simple_fountains, layout_loops_corners,
          ebering_ecumenical_altar_webs, minmay_distorted
D:2:      layout_rooms, wander_ebering_terrifying_dragon_lair
D:3:      layout_loops_ring, kennysheep_generic_room_13
D:4:      layout_loops_corners, ebering_ghost_rock_garden,
          nicolae_specific_store, uniq_grinder
D:5:      minmay_clustersquares, layout_gridville, nzn_wu_jian_council_hall,
          minmay_manual_maat

Skill      XL: |  1  2  3  4  5  6  7 |
---------------+----------------------+-----
Conjurations   | 4 5 |  5.0
Dodging        | 2 3 |  3.0
Spellcasting   | 2 3 4 5 |  5.0
Armour         | 1 2 |  2.7
Shields        | 1 2 |  2.1
Fighting       | |  0.3
Stealth        | |  1.7

Action                   |  1- 3 |  4- 6 |  7- 9 || total
-------------------------+-------+-------+-------++-------
Melee: Unarmed           |     5 |       |       ||     5
       Short sword       |     6 |       |       ||     6
       Flail             |     6 |    11 |       ||    17
       Scimitar          |     3 |       |       ||     3
 Cast: Magic Dart        |    70 |       |       ||    70
       Searing Ray       |    19 |    14 |     6 ||    39
  Use: Scroll            |     1 |     5 |       ||     6
       Potion            |       |       |     1 ||     1
Armor: Robe              |     9 |     2 |       ||    11
       Ring mail         |       |     3 |    12 ||    15
Dodge: Dodged            |    26 |    20 |    23 ||    69

Table legend: (Time is in decaauts)
 A = Elapsed time spent in this place.
 B = Non-inter-level travel time spent in this place.
 C = Inter-level travel time spent in this place.
 D = Time resting spent in this place.
 E = Time spent auto-exploring this place.
 F = Levels seen in this place.
 G = Mean time per level.
                   A        B        C        D        E       F      G
               +--------+--------+--------+--------+--------+-----+--------+
         Total |   5143 |   4986 |    157 |    911 |   3359 |   5 | 1028.6 |
       Dungeon |   5143 |   4986 |    157 |    911 |   3359 |   5 | 1028.6 |
               +--------+--------+--------+--------+--------+-----+--------+

Top non-repeatable levels by time:
     D:4: 1412 daAuts
     D:1: 1327 daAuts
     D:3: 1004 daAuts
     D:2: 714 daAuts
     D:5: 684 daAuts
